 Dungeon Crawl Stone Soup version 0.31-a0-150-g89dc3ad700 (webtiles) character file.

Game seed: 10643792558545467522

107 qw the Shooter (level 4, -11/28 HPs)
             Began as a Gargoyle Hunter on June 8, 2023.
             Killed by divine providence
             ... invoked by an orc priest
              (13 damage)
             ... on level 3 of the Dungeon.
             The game lasted 00:00:40 (1827 turns).

qw the Shooter (Gargoyle Hunter)                    Turns: 1827, Time: 00:00:40

Health: -11/28     AC:  8    Str: 14    XL:     4   Next: 85%
Magic:  4/4        EV: 11    Int: 10    God:
Gold:   105        SH:  0    Dex: 15    Spells: 3/3 levels left

rFire   . . .        Y - +0 shortbow
rCold   . . .        (shield currently unavailable)
rNeg    + + .        i - +0 ring mail
rPois   inf          (no helmet)
rElec   +            (no cloak)
rCorr   .            (no gloves)
SInv    .            (no boots)
Will    .....        (no amulet)
Stlth   +            k - ring of positive energy
HPRegen 0.24/turn    (no ring)
MPRegen 0.09/turn

%: no passive effects
@: no status effects
A: sickness immunity, AC +3, negative energy resistance 1, electricity
resistance, torment resistance 1, petrification resistance
a: no special abilities


You were on level 3 of the Dungeon.
You visited 1 branch of the dungeon, and saw 3 of its levels.

You collected 105 gold pieces.


Innate Abilities, Weirdness & Mutations

You are immune to sickness and miasma.
Your stone body is resilient. (AC +3)
You are immune to poison.
You resist negative energy. (rN+)
You are resistant to electric shocks. (rElec)
You are resistant to unholy torment.
You are immune to petrification.


   Skills:
 - Level 3.3 Fighting
 + Level 5.3 Ranged Weapons
 - Level 1.3 Armour
 - Level 1.5 Dodging
 - Level 1.1 Stealth


You had 3 spell levels left.
You didn't know any spells.
Your spell library was empty.

Inventory:

Hand Weapons
 Y - a +0 shortbow (weapon)
Armour
 i - a +0 ring mail (worn)
Jewellery
 k - a ring of positive energy (left hand)
Scrolls
 b - a scroll of vulnerability {unknown}
 c - a scroll of identify
Potions
 a - a potion of attraction {unknown}
 f - a potion of berserk rage {unknown}
 h - a potion of curing
 l - a potion of invisibility {unknown}
 m - a potion of might {unknown}

Dungeon Overview and Level Annotations

Branches:
Dungeon (3/15)

Altars:

Shops:
D:2 =

Annotations:
D:3 1 runed translucent door, Crazy Yiuf


Message History

You shoot an arrow. The arrow barely misses the orc priest.
The orc priest hits you with a +0 hand axe.
You shoot an arrow. The arrow barely misses the orc priest.
The orc priest hits you but does no damage.
You shoot an arrow.
The arrow hits the orc priest but does no damage.
The orc priest barely misses you.
You shoot an arrow. The arrow hits the orc priest.
The orc priest is lightly wounded.
The orc priest closely misses you.
You shoot an arrow.
The arrow hits the orc priest but does no damage.
The orc priest is lightly wounded.
The orc priest hits you but does no damage.
The orc priest closely misses you.
You shoot an arrow. The arrow hits the orc priest.
The orc priest is moderately wounded.
The orc priest calls down the wrath of Beogh upon you.
Beogh smites you!
You shoot an arrow. The arrow hits the orc priest.
The orc priest is heavily wounded.
The orc priest mumbles some strange prayers to Beogh against you.
You barely resist. You shoot an arrow. The arrow hits the orc priest.
The orc priest is heavily wounded.
The orc priest hits you with a +0 hand axe.
You shoot an arrow.
The arrow hits the orc priest but does no damage.
The orc priest is heavily wounded.
The orc priest hits you but does no damage.
The orc priest completely misses you.
You shoot an arrow. The arrow hits the orc priest.
The orc priest is almost dead.
The orc priest mumbles some strange prayers to Beogh against you.
Beogh smites you!
You shoot an arrow. The arrow hits the orc priest.
The orc priest is almost dead.
The orc priest calls down the wrath of Beogh upon you.
Beogh smites you!
You die...

... ..$ #.# .)# #)# #{# #o#
.. ### #@# +. ##.## #.# +.#
##.#.## #.# +..##.###.## #.#
+....## ##.# #.#
+++..##.###.####.############
....#....#...##...#.>.......#
###.#.###.##.#......#######.#
#.......#.##.##...#.#
#####.#####


You could see an orc priest.

Vanquished Creatures
  A jelly (D:3)
  3 adders
  3 orcs (D:3)
  6 endoplasms
  6 giant cockroaches
  3 goblins
  4 hobgoblins
  3 kobolds
  6 quokkas
  A ball python (D:2)
  3 bats
  A frilled lizard (D:1)
  4 rats
44 creatures vanquished.

Notes
Turn   | Place    | Note
-------+----------+-------------------------------------------
     0 | D:1      | qw the Gargoyle Hunter began the quest for the Orb.
     0 | D:1      | Reached XP level 1. HP: 12/12 MP: 1/1
     0 | D:1      | 0 ||| qw: Version: 0.2-a-120-gdf1a93b
     0 | D:1      | 0 ||| qw: Game counter: 2974
     0 | D:1      | 0 ||| qw: Always use a shield: true
     0 | D:1      | 0 ||| qw: God list: Okawaru
     0 | D:1      | 0 ||| qw: Allow faded altars: false
     0 | D:1      | 0 ||| qw: Do Orc after D:15 true
     0 | D:1      | 0 ||| qw: Do second Lair branch before Depths: true
     0 | D:1      | 0 ||| qw: Lair rune preference: random
     0 | D:1      | 0 ||| qw: Plans: Normal
     0 | D:1      | 0 ||| PLANNING D:1-11
   151 | D:1      | Reached XP level 2. HP: 17/17 MP: 2/2
   690 | D:1      | Reached XP level 3. HP: 21/21 MP: 3/3
   835 | D:1      | 835 ||| UPGRADING to +0 ring mail.
   845 | D:1      | 845 ||| DROPPING +0 leather armour.
   846 | D:1      | 846 ||| UPGRADING to ring of positive energy.
   847 | D:1      | 847 ||| READING scroll labelled RIPOC EGAGHUEPI.
   848 | D:1      | 848 ||| READING scroll labelled YCAERCHYPLAONE.
   849 | D:1      | 849 ||| READING scroll labelled DOAFRI COVAXI.
   850 | D:1      | 850 ||| READING scroll labelled MOOGIBR WIEN.
   851 | D:1      | 851 ||| DRINKING 2 glowing cyan potions.
   852 | D:1      | 852 ||| DROPPING scroll of butterflies.
   941 | D:2      | Found Qepnil's Jewellery Emporium.
   952 | D:2      | Reached skill level 1 in Armour
   978 | D:2      | 978 ||| SHOPLISTING +6 ring of strength (396 gold, have
                  | 87).
   978 | D:2      | 978 ||| SHOPLISTING amulet of reflection (330 gold, have
                  | 87).
   978 | D:2      | 978 ||| SHOPLISTING amulet of regeneration (330 gold, have
                  | 87).
   978 | D:2      | 978 ||| SHOPLISTING ring of protection from cold (275 gold,
                  | have 87).
   978 | D:2      | 978 ||| SHOPLISTING ring of resist corrosion (220 gold,
                  | have 87).
  1088 | D:2      | Reached skill level 5 in Ranged Weapons
  1368 | D:2      | Reached XP level 4. HP: 27/27 MP: 4/4
  1568 | D:3      | Found a runed translucent door.
  1569 | D:3      | Noticed Crazy Yiuf
  1713 | D:3      | Reached skill level 3 in Fighting
  1826 | D:3      | HP: 2/28 [orc priest/divine providence (10)]
  1827 | D:3      | Killed from afar by an orc priest

Levels and vault maps discovered:
D:1:      amcnicky_arrival_choice, layout_loops_corners, minmay_unequal
D:2:      layout_basic, serial_shops, shop, nrook_mini_vaults
D:3:      layout_loops_corners, hellmonk_ecumenical_altar_heavens_door,
          uniq_robin, uniq_crazy_yiuf_cottage, uniq_jessica

Skill      XL: |  1  2  3  4 |
---------------+-------------+-----
Armour         | 1 |  1.3
Ranged Weapons | 5 |  5.3
Fighting       | 3 |  3.3
Dodging        | |  1.5
Stealth        | |  1.1

Action                     |  1- 3 |  4- 6 || total
---------------------------+-------+-------++-------
   Fire: Shortbow          |   120 |    42 ||   162
    Use: Scroll            |     4 |       ||     4
         Potion            |     1 |       ||     1
 Armour: Leather armour    |     7 |       ||     7
         Ring mail         |    15 |     8 ||    23
  Dodge: Dodged            |    23 |    16 ||    39

Table legend:
 A = Non-vault XP
 B = Vault XP
 C = Vault XP percentage of total XP
 D = Non-vault monster count
 E = Vault monster count
 F = Vault count percentage of total count
                 A         B        C        D         E       F
            +---------+---------+-------+---------+---------+-------
      Total |     150 |       3 |   2.0 |      42 |       2 |   4.5
            +---------+---------+-------+---------+---------+-------
        D:1 |      32 |       3 |   8.6 |      17 |       2 |  10.5
        D:2 |      48 |       0 |   0.0 |      16 |       0 |   0.0
        D:3 |      70 |       0 |   0.0 |       9 |       0 |   0.0
            +---------+---------+-------+---------+---------+-------
